 Dungeon Crawl Stone Soup version 0.25.1-11-g244df3a29b (webtiles) character file.

Game seed: 6155298702729276990

1299 DeepDeath the Basher (level 8, 0/48 HPs)
             Began as a Gargoyle Abyssal Knight on Jan 20, 2024.
             Was a Priest of Lugonu.
             Slain by an orc warrior
             ... wielding a cursed -2 battleaxe
              (18 damage)
             ... on level 6 of the Dungeon.
             The game lasted 00:10:19 (3505 turns).

DeepDeath the Basher (Gargoyle Abyssal Knight)      Turns: 3505, Time: 00:10:19

Health: 0/48       AC: 11    Str: 18    XL:     8   Next: 56%
Magic:  10/10      EV: 12    Int: 13    God:    Lugonu [***...]
Gold:   422        SH:  0    Dex:  9    Spells: 7/7 levels left

rFire    . . .     SeeInvis .   r - +3 whip (freeze)
rCold    . . .     Gourm    .   (no shield)
rNeg     + . .     Faith    .   b - +1 leather armour {MR+}
rPois    ∞         Spirit   .   (no helmet)
rElec    +         Reflect  .   (no cloak)
rCorr    +         Harm     .   m - +0 pair of gloves
MR       +....                  (no boots)
Stlth    +.........             (no amulet)
HPRegen  0.16/turn              e - ring of resist corrosion
MPRegen  0.12/turn              (no ring)

@: no status effects
A: negative energy resistance 1, electricity resistance, unbreathing,
petrification resistance, rot immunity, AC +5
a: Depart the Abyss, Bend Space, Banish, Renounce Religion


You were on level 6 of the Dungeon.
You worshipped Lugonu.
Lugonu was most pleased with you.
You were near starving.

You visited 1 branch of the dungeon, and saw 5 of its levels.
You visited the Abyss 1 time.

You collected 422 gold pieces.

Inventory:

Hand Weapons
 a - a +2 mace
 r - a +3 whip of freezing (weapon)
Missiles
 d - 4 boomerangs
 f - 5 poisoned darts (quivered)
 g - 67 arrows
 i - 55 stones
 k - 29 sling bullets
Armour
 b - a +1 leather armour of magic resistance (worn)
 m - a +0 pair of gloves (worn)
Jewellery
 e - a ring of resist corrosion (left hand)
Scrolls
 h - a scroll of magic mapping
 j - 3 scrolls of identify
 l - 3 scrolls of teleportation
 o - 4 scrolls of remove curse
Comestibles
 c - 8 rations


   Skills:
 + Level 4.3 Fighting
 * Level 8.8 Maces & Flails
 + Level 1.9 Throwing
 + Level 3.4 Armour
 - Level 2.0 Dodging
 - Level 3.0 Invocations


You had 7 spell levels left.
You didn't know any spells.
Your spell library contained the following spells:

 Spells                   Type           Power        Failure   Level  Hunger
 Magic Dart               Conj           #...         36%         1    ##.....
 Blink                    Tloc           N/A          50%         2    ###....
 Call Imp                 Summ           #.......     50%         2    ###....
 Slow                     Hex            #.......     50%         2    ###....
 Conjure Flame            Conj/Fire      #.......     73%         3    ####...
 Mephitic Cloud           Conj/Pois/Air  #.......     73%         3    ####...


Dungeon Overview and Level Annotations

Branches:
Dungeon (4/15)             Temple (0/1) D:4

Altars:
Dithmenos
Nemelex Xobeh
Okawaru
Sif Muna
Trog
Uskayaw
Xom


Innate Abilities, Weirdness & Mutations

You are resistant to torment.
Your stone body is resilient. (AC +5)
You are immune to poison.
You resist negative energy. (rN+)
You are resistant to electric shocks. (rElec)
You can survive without breathing.
You are immune to petrification.
You are immune to rotting.


Message History

Press: ? - help, Shift-Dir - straight line, f/p - orc warrior
Aim: an orc warrior, wielding a -2 battleaxe and wearing a +0 chain mail (lightly wounded, poisoned)
You throw a poisoned dart. The poisoned dart hits the orc warrior.
The orc warrior looks even sicker.
The orc warrior is lightly wounded.
Things that are here:
a +0 dagger of draining; 2 poisoned darts You see here a poisoned dart.
The orc warrior misses you.
You closely miss the orc warrior.
The orc warrior is heavily wounded.
You hit the orc warrior but do no damage.
The orc warrior is heavily wounded.
The orc warrior hits you with a cursed -2 battleaxe.
You hit the orc warrior but do no damage.
The orc warrior is heavily wounded.
You hit the orc warrior. You freeze the orc warrior.
The orc warrior is severely wounded.
The orc warrior hits you with a cursed -2 battleaxe!!
You die...

##. ## .. .# ###### .#
.######....########.######
.§.((..(..)...)..(........
.######....#####.##.######
.# #....# #.# .# .# #....#
#o# o. .# #....# #@# ...
.# #....# #.# .... ##
#....# #.# ..... ######
#+# ...... #####.
#########......
...............


You could see an orc warrior (poisoned).

Vanquished Creatures
  Grinder (D:3)
  An orc warrior (D:4)
  2 sky beasts (D:6)
  3 ogres
  A centaur (D:6)
  A scorpion (D:2)
  A howler monkey (D:4)
  A crimson imp (D:4)
  A hound (D:4)
  A bullfrog skeleton (D:6)
  An orc priest (D:3)
  An iguana (D:6)
  2 orc wizards (D:2)
  A gnoll (D:1)
  7 adders
  2 worms (D:3)
  3 dart slugs
  4 leopard geckos
  10 orcs
  3 giant cockroaches
  18 goblins
  9 hobgoblins
  A quokka (D:4)
  7 bats
  4 frilled lizards (D:1)
  9 kobolds
  7 rats
  A spectral orc (D:4)
103 creatures vanquished.

Vanquished Creatures (others)
  An orc wizard (D:6)
1 creature vanquished.

Grand Total: 104 creatures vanquished

Notes
Turn   | Place    | Note
-------+----------+-------------------------------------------
     0 | Abyss:1  | DeepDeath the Gargoyle Abyssal Knight began the quest for
                  | the Orb.
     0 | Abyss:1  | Reached XP level 1. HP: 14/14 MP: 2/2
    43 | Abyss:1  | Noticed a great orb of eyes
    48 | D:1      | Escaped the Abyss
   111 | D:1      | Reached * piety under Lugonu
   160 | D:1      | Reached XP level 2. HP: 15/19 MP: 3/3
   191 | D:1      | Reached skill level 3 in Maces & Flails
   348 | D:1      | Reached XP level 3. HP: 12/23 MP: 4/4
   801 | D:2      | Found a transporter.
   801 | D:2      | Noticed a scorpion
   806 | D:2      | Found a transporter.
   940 | D:2      | Reached skill level 4 in Maces & Flails
   940 | D:2      | Reached XP level 4. HP: 20/28 MP: 5/5
  1061 | D:2      | Found an iron altar of Okawaru.
  1135 | D:2      | Found a shimmering altar of Xom.
  1267 | D:2      | Reached skill level 5 in Maces & Flails
  1267 | D:2      | Reached XP level 5. HP: 6/32 MP: 6/6
  1495 | D:2      | Found a shadowy altar of Dithmenos.
  1707 | D:2      | Found a bloodstained altar of Trog.
  1709 | D:2      | Reached ** piety under Lugonu
  2067 | D:3      | Reached skill level 6 in Maces & Flails
  2067 | D:3      | Reached XP level 6. HP: 35/37 MP: 7/7
  2133 | D:3      | Noticed Grinder
  2151 | D:3      | Killed Grinder
  2151 | D:3      | Reached skill level 7 in Maces & Flails
  2151 | D:3      | Reached XP level 7. HP: 33/41 MP: 8/8
  2684 | D:4      | Found a sparkling altar of Nemelex Xobeh.
  2710 | D:4      | Reached skill level 8 in Maces & Flails
  2710 | D:4      | Reached skill level 1 in Dodging
  2711 | D:4      | Reached *** piety under Lugonu
  2805 | D:4      | Found a staircase to the Ecumenical Temple.
  2911 | D:4      | Reached skill level 1 in Throwing
  2911 | D:4      | Reached XP level 8. HP: 9/48 MP: 9/9
  3187 | D:4      | Noticed a +0 dagger
  3187 | D:4      | Noticed a +0 hand axe
  3194 | D:4      | Found a hide-covered altar of Uskayaw.
  3246 | D:4      | You fall into a shaft and drop 2 floors!
  3246 | D:6      | Found a shimmering blue altar of Sif Muna.
  3505 | D:6      | Slain by an orc warrior

Illustrated notes

Levels and vault maps discovered:
D:1:      dpeg_arrival_pits, layout_basic, minmay_heptomino_d4
D:2:      layout_loops_ring, brannock_xom_greatest_gift,
          gammafunk_temple_overflow_arena, marbit_many_paths, old_standard_altar
D:3:      cheibrodos_greedy_goblins, layout_loops_ring, first_ration,
          st_stairs_14, uniq_grinder
D:4:      layout_cave_pools, yredelemnul_forgotten_temple_becter,
          dancing_weapons_uskayaw, kennysheep_mini_moat,
          nemelex_xobeh_ov_fountains_minmay, minmay_temple_entry_glass,
          minmay_manual_mail, uniq_blork_the_orc
D:6:      nicolae_whirlpool, layout_basic, led_sif_book

Skill      XL: |  1  2  3  4  5  6  7  8 |
---------------+-------------------------+-----
Maces & Flails | 3 4 5 6 7 8 |  8.8
Dodging        | 1 2 |  2.0
Throwing       | 1 |  1.9
Fighting       | 4 |  4.3
Armour         | 3 |  3.4
Invocations    | 3 |  3.0

Action                   |  1- 3 |  4- 6 |  7- 9 || total
-------------------------+-------+-------+-------++-------
Melee: Mace              |    78 |    58 |       ||   136
       Whip              |       |    44 |   206 ||   250
Throw: Dart              |     3 |     2 |     9 ||    14
Invok: Depart the Abyss  |     1 |       |       ||     1
       Bend Space        |       |       |     2 ||     2
  Use: Scroll            |     5 |     6 |     1 ||    12
       Potion            |     1 |     2 |     2 ||     5
 Stab: Invisible         |       |       |     2 ||     2
  Eat: Chunk             |       |     4 |     3 ||     7
Armor: Leather armour    |    44 |    41 |    66 ||   151
Dodge: Dodged            |    76 |    42 |    83 ||   201
